 Dungeon Crawl Stone Soup version 0.23-a0-584-g44dd78f (webtiles) character file.

1301 Firecrotchwizard the Grappler (level 8, 0/71 HPs)
             Began as a Ghoul Monk on Dec 18, 2018.
             Was a Believer of Okawaru.
             Slain by a hound (2 damage)
             ... on level 5 of the Dungeon.
             The game lasted 00:19:14 (4723 turns).

Firecrotchwizard the Grappler (Ghoul Monk)          Turns: 4723, Time: 00:19:15

Health: 0/71       AC:  7    Str: 17    XL:     8   Next: 57%
Magic:  7/8        EV: 11    Int:  5    God:    Okawaru [**....]
Gold:   157        SH:  0    Dex: 11    Spells: 7/7 levels left

rFire    . . .     SeeInvis .     - Unarmed
rCold    + . .     Gourm    .   (no shield)
rNeg     + + +     Faith    .   n - +0 scale mail
rPois    ∞         Spirit   .   (no helmet)
rElec    .         Reflect  .   (no cloak)
rCorr    .         Harm     .   (no gloves)
MR       .....                  g - +0 pair of boots
Stlth    ..........             (no amulet)
HPRegen  0.00/turn              (no ring)
MPRegen  0.11/turn              (no ring)

@: rotting
A: rotting body, claws 1, carnivore, cold resistance 1, negative energy
resistance 3, inhibited regeneration, torment resistance, unbreathing
a: Heroism, Renounce Religion


You were on level 5 of the Dungeon.
You worshipped Okawaru.
Okawaru was pleased with you.
You were not hungry.

You visited 2 branches of the dungeon, and saw 6 of its levels.
You also visited: Sewer.

You collected 157 gold pieces.

Inventory:

Missiles
 m - 5 javelins (quivered)
Armour
 a - a +0 robe
 c - a +0 ring mail
   (You found it on level 1 of the Dungeon)
 g - a +0 pair of boots (worn)
   (You found it on level 1 of the Dungeon)
 n - a +0 scale mail (worn)
   (You took it off an orc on level 3 of the Dungeon)
 o - a +1 pair of gloves
   (You found it on level 3 of the Dungeon)
Wands
 r - a wand of iceblast (11)
   (You found it on level 4 of the Dungeon)
 y - a wand of scattershot (4)
   (You found it on level 4 of the Dungeon)
Scrolls
 f - 3 scrolls of identify {unknown}
 h - 2 scrolls of fear {unknown}
 i - a scroll of remove curse {unknown}
 k - a scroll of teleportation {unknown}
 q - a scroll of magic mapping {unknown}
 v - 3 scrolls of fog {unknown}
 w - a scroll of blinking {unknown}
 x - a scroll of amnesia {unknown}
Potions
 d - a potion of magic {unknown}
 e - 5 potions of curing {unknown}
 j - a potion of agility {unknown}
 l - 2 potions of might {unknown}
 p - a potion of degeneration {unknown}
 s - a potion of haste {unknown}
 t - a potion of heal wounds {unknown}
 u - a potion of brilliance {unknown}
Comestibles
 b - 10 rations


   Skills:
 + Level 6.4 Fighting
 - Level 4.9 Dodging
 - Level 2.1 Stealth
 * Level 8.5 Unarmed Combat
 + Level 1.9 Invocations


You had 7 spell levels left.
You didn't know any spells.
Your spell library contained the following spells:

 Spells                   Type           Power        Failure   Level  Hunger
 Magic Dart               Conj           #...         89%         1    ##.....
 Blink                    Tloc           N/A          96%         2    ###....
 Call Imp                 Summ           #.......     96%         2    ###....
 Slow                     Hex            #.......     96%         2    ###....
 Conjure Flame            Conj/Fire      #.......     99%         3    ####...
 Mephitic Cloud           Conj/Pois/Air  #.......     99%         3    ####...


Dungeon Overview and Level Annotations

Branches:
Dungeon (5/15)             Temple (1/1) D:5

Altars:
Ashenzari
Cheibriados
Dithmenos
Fedhas
Gozag
Hepliaklqana
Kikubaaqudgha
Makhleb
Nemelex Xobeh
Okawaru
Qazlal
Ru
Sif Muna
Trog
Uskayaw
Vehumet
Wu Jian
Xom
Yredelemnul
Zin
The Shining One


Innate Abilities, Weirdness & Mutations

Your body is rotting away.
You thrive on raw meat.
You are immune to poison.
You have sharp fingernails.
You are carnivorous and can eat meat at any time.
Your flesh is cold resistant. (rC+)
You are immune to negative energy. (rN+++)
You do not regenerate when monsters are visible.
You are immune to unholy pain and torment.
You can survive without breathing.


Message History

You now have 5/7 mp.
The hound bites you but does no damage. The adder bites you but does no damage.
Sigmund hits you with a +2 scythe of freezing!
The hound bites you.
You take 14 damage, and have 31/70 hp.
You closely miss Sigmund. The adder closely misses you.
The hound bites you but does no damage.
Sigmund points at you and mumbles some strange words.
The puff of flame misses you.
You barely miss Sigmund. The adder bites you but does no damage.
The hound bites you but does no damage.
You closely miss Sigmund. The hound closely misses you. The adder bites you.
Sigmund gestures at you while chanting. The magic dart hits you!
The worker ant bites you.
You take 8 damage, and have 23/70 hp.
You claw Sigmund! The hound bites you. The adder misses you.
Sigmund closely misses you.
The worker ant bites you but does no damage.
The hound bites you but does no damage.
You take 1 damage, and have 22/70 hp.
You claw Sigmund!
You kill Sigmund!
Okawaru accepts your kill. The adder bites you but does no damage.
The hound barely misses you.
A jackal comes into view.
The jackal barks!
A jackal comes into view.
The worker ant bites you but does no damage.
Things that are here:
a +2 scythe of freezing; a +0 robe The adder barely misses you.
The jackal barks!
You claw the adder!
You kill the adder!
Okawaru accepts your kill.
You hear a bark!
You hear an angry hiss.
You claw the worker ant!
The worker ant bites you but does no damage.
You scratch the worker ant. You closely miss the worker ant.
The worker ant bites you but does no damage.
A jackal comes into view.
The jackal bites you but does no damage.
You scratch the worker ant but do no damage.
You feel like a meek peon again. The worker ant bites you.
* * * LOW HITPOINT WARNING * * *
The jackal bites you but does no damage. x2
You take 1 damage, and have 21/71 hp.
Okay, then.
The worker ant barely misses you.
A leopard gecko comes into view.
You barely miss the leopard gecko.
The worker ant bites you but does no damage.
The jackal bites you but does no damage.
The leopard gecko bites you but does no damage.
You miss the leopard gecko. Your claw misses the leopard gecko.
The worker ant closely misses you.
The leopard gecko bites you but does no damage.
You scratch the leopard gecko but do no damage.
The worker ant bites you.
* * * LOW HITPOINT WARNING * * *
The leopard gecko bites you.
* * * LOW HITPOINT WARNING * * *
You take 7 damage, and have 14/71 hp.
You barely miss the leopard gecko. The worker ant bites you.
* * * LOW HITPOINT WARNING * * *
The jackal bites you but does no damage.
The leopard gecko bites you but does no damage.
You take 1 damage, and have 13/71 hp.
You scratch the leopard gecko. The jackal barely misses you.
The worker ant bites you.
* * * LOW HITPOINT WARNING * * *
The jackal bites you but does no damage.
The leopard gecko barely misses you.
The worker ant bites you but does no damage.
You take 2 damage, and have 11/71 hp.
You closely miss the leopard gecko. The jackal barely misses you.
The hound bites you.
* * * LOW HITPOINT WARNING * * *
The worker ant bites you.
* * * LOW HITPOINT WARNING * * *
The leopard gecko bites you.
* * * LOW HITPOINT WARNING * * *
You take 6 damage, and have 5/71 hp.
You barely miss the leopard gecko. The hound bites you but does no damage.
The jackal bites you but does no damage.
The worker ant closely misses you. The leopard gecko bites you.
* * * LOW HITPOINT WARNING * * *
You take 2 damage, and have 3/71 hp.
You barely miss the leopard gecko. You claw the leopard gecko.
You kill the leopard gecko!
Okawaru accepts your kill.
The jackal bites you but does no damage.
The hound closely misses you. The jackal bites you.
* * * LOW HITPOINT WARNING * * *
The worker ant barely misses you.
You take 1 damage, and have 2/71 hp.
The hound bites you.
You die...

.###.$...$.# !..
...###..#..#####....
.....#.....).%.†.#
#........##..#### #
#.........#..# #..
#.###.......### #
#...##.###........)####.
......>.a....).#.....#..
.......@hh..##.....[....
........hh..............
.#..........######......
#..........#### #......
#.............####.....
#..........##...##.....
#..................#...
##..............#####...
#8>8#....##..#### ##..


You could see a hound, a worker ant and 3 jackals.

Vanquished Creatures
  Grinder (D:4)
  Sigmund (D:5)
  Duvessa (D:5)
  A sky beast (D:5)
  2 big kobolds (Sewer)
  Dowan (D:5)
  A scorpion (D:4)
  A howler monkey (D:5)
  An orc priest (D:3)
  A bullfrog skeleton (D:4)
  3 iguanas (D:4)
  Ijyb (D:4)
  A worker ant (D:4)
  9 adders
  4 gnolls
  4 river rats (Sewer)
  2 oozes (Sewer)
  4 worms
  3 dart slugs
  A leopard gecko (D:5)
  14 orcs
  4 ball pythons (Sewer)
  3 giant cockroaches
  6 goblins
  9 hobgoblins
  8 jackals (D:4)
  2 quokkas
  6 bats
  3 frilled lizards
  4 kobolds
  6 rats
108 creatures vanquished.

Notes
Turn   | Place    | Note
-------+----------+-------------------------------------------
     0 | D:1      | Firecrotchwizard the Ghoul Monk began the quest for the
                  | Orb.
     0 | D:1      | Reached XP level 1. HP: 19/19 MP: 0/0
   253 | D:1      | Reached XP level 2. HP: 26/26 MP: 1/1
  1099 | D:1      | Reached skill level 4 in Unarmed Combat
  1099 | D:1      | Reached XP level 3. HP: 28/31 MP: 2/2
  1112 | D:1      | HP: 7/31 [worm (6)]
  1114 | D:1      | HP: 3/31 [worm (4)]
  1304 | D:2      | Reached skill level 3 in Dodging
  1490 | D:2      | Reached XP level 4. HP: 37/40 MP: 3/3
  1822 | D:3      | Reached skill level 4 in Fighting
  2101 | D:3      | Reached skill level 5 in Unarmed Combat
  2101 | D:3      | Reached XP level 5. HP: 34/46 MP: 4/4
  2229 | D:3      | Found a faded altar of an unknown god.
  2898 | D:4      | Reached XP level 6. HP: 35/52 MP: 5/5
  2949 | D:4      | meem: I am meem, an upgrade of beem built by MalcolmRose
                  | (check out Malcolm's DCSS vids and other projects at
                  | http://youtube.com/malcolmrosegaming). To have me follow
                  | you in your games, type !subscribemeem - to make me go away
                  | forever, type !quitmeem - For help, type: !meem
  2989 | D:4      | Noticed Ijyb
  2992 | D:4      | Killed Ijyb
  2994 | D:4      | Noticed Grinder
  3020 | D:4      | Killed Grinder
  3020 | D:4      | Reached skill level 5 in Fighting
  3020 | D:4      | Reached skill level 4 in Dodging
  3020 | D:4      | Reached skill level 6 in Unarmed Combat
  3020 | D:4      | Reached XP level 7. HP: 32/61 MP: 6/6
  3135 | D:4      | Found a glowing drain.
  3150 | Sewer    | Entered a sewer
  3481 | Sewer    | Reached skill level 7 in Unarmed Combat
  3986 | D:4      | Found a glowing golden altar of the Shining One.
  4178 | D:5      | Entered Level 5 of the Dungeon
  4199 | D:5      | Noticed Duvessa
  4201 | D:5      | Noticed Dowan
  4211 | D:5      | Killed Duvessa
  4211 | D:5      | Reached XP level 8. HP: 60/70 MP: 7/7
  4221 | D:5      | Found a staircase to the Ecumenical Temple.
  4225 | D:5      | Killed Dowan
  4225 | D:5      | Reached skill level 6 in Fighting
  4265 | Temple   | Entered the Ecumenical Temple
  4369 | Temple   | Became a worshipper of Warmaster Okawaru
  4369 | Temple   | Reached * piety under Okawaru
  4369 | Temple   | Reached ** piety under Okawaru
  4662 | D:5      | Reached skill level 8 in Unarmed Combat
  4665 | D:5      | Found the +7 sceptre of Torment {pain, torment}
  4688 | D:5      | Reached skill level 1 in Invocations
  4688 | D:5      | Noticed Sigmund
  4701 | D:5      | Killed Sigmund
  4717 | D:5      | HP: 14/71 [leopard gecko (4)]
  4720 | D:5      | HP: 6/71 [worker ant (4)]
  4722 | D:5      | HP: 2/71 [jackal (1)]
  4723 | D:5      | Slain by a hound

Vault maps used:
D:1:      dpeg_arrival_refuge
D:2:      serial_bayou_pond_e
D:3:      serial_co_window_serial, co_window_cross_1, co_window_corner_a,
          co_window_paths_a, co_window_corner_a, co_window_corner_a,
          co_window_corner_cb, co_window_corner_b, co_window_broadway_b,
          co_window_unsneaky_path_d, co_window_cross_4, co_window_corner_cb,
          chequers_ecumenical_altar_simple
D:4:      cheibrodos_sewer_entry_bend, first_ration, tso_altar, uniq_ijyb,
          uniq_grinder
D:5:      temple_statues, uniq_sigmund, uniq_duvessa
Temple:   compressed_dpeg_triangle_lava_temple
Sewer:    sewer_co_15_rooms

Skill      XL: |  1  2  3  4  5  6  7  8 |
---------------+-------------------------+-----
Unarmed Combat | 4 5 6 7 8 |  8.5
Dodging        | 3 4 |  4.9
Fighting       | 4 5 6 |  6.4
Invocations    | 1 |  1.9
Stealth        | |  2.1

Action                   |  1- 3 |  4- 6 |  7- 9 || total
-------------------------+-------+-------+-------++-------
Melee: Unarmed           |   111 |   130 |   167 ||   408
       Punch             |       |     4 |     3 ||     7
Throw: Javelin           |       |     8 |    46 ||    54
Invok: Heroism           |       |       |     1 ||     1
Evoke: Wand              |       |     7 |       ||     7
 Stab: Sleeping          |     2 |     2 |       ||     4
  Eat: Chunk             |     8 |    11 |    22 ||    41
       Ration            |       |       |     1 ||     1
Armor: Ring mail         |    35 |    11 |       ||    46
       Scale mail        |       |    34 |    69 ||   103
Dodge: Dodged            |    42 |    86 |    98 ||   226

Table legend:
 A = Non-vault XP
 B = Vault XP
 C = Vault XP percentage of total XP
 D = Non-vault monster count
 E = Vault monster count
 F = Vault count percentage of total count
                 A         B        C        D         E       F
            +---------+---------+-------+---------+---------+-------
      Total |     769 |    1090 |  58.6 |      83 |      25 |  23.1
            +---------+---------+-------+---------+---------+-------
        D:1 |      34 |       0 |   0.0 |      20 |       0 |   0.0
        D:2 |      94 |       0 |   0.0 |      17 |       0 |   0.0
        D:3 |     115 |       0 |   0.0 |      16 |       0 |   0.0
        D:4 |     304 |     327 |  51.8 |      24 |       3 |  11.1
        D:5 |     222 |     461 |  67.5 |       6 |       3 |  33.3
      Sewer |       0 |     302 | 100.0 |       0 |      19 | 100.0
            +---------+---------+-------+---------+---------+-------

Vault maps used:
D:1:      dpeg_arrival_refuge
D:2:      serial_bayou_pond_e
D:3:      serial_co_window_serial, co_window_cross_1, co_window_corner_a,
          co_window_paths_a, co_window_corner_a, co_window_corner_a,
          co_window_corner_cb, co_window_corner_b, co_window_broadway_b,
          co_window_unsneaky_path_d, co_window_cross_4, co_window_corner_cb,
          chequers_ecumenical_altar_simple
D:4:      cheibrodos_sewer_entry_bend, first_ration, tso_altar, uniq_ijyb,
          uniq_grinder
D:5:      temple_statues, uniq_sigmund, uniq_duvessa
Temple:   compressed_dpeg_triangle_lava_temple
Sewer:    sewer_co_15_rooms

Table legend:
 A = Turns spent in this place as a percentage of turns spent in the entire game.
 B = Non-inter-level travel turns spent in this place as a percentage of non-inter-level travel turns spent in the entire game.
 C = Inter-level travel turns spent in this place as a percentage of turns spent in this place.
 D = Turns resting spent in this place as a percentage of non-inter-level travel turns spent in this place.
 E = Turns spent auto-exploring this place as a percentage of non-inter-level travel turns spent in this place.
 F = Non-inter-level travel turns spent in this place divided by the number of levels of this place that you've seen.
                   A       B       C       D       E      F
               +-------+-------+-------+-------+-------+----------------------
         Total | 100.0 | 100.0 |   3.7 |  15.2 |  59.6 | 649.7
       Dungeon |  81.8 |  81.8 |   3.8 |  15.9 |  58.8 | 743.6
        Temple |   7.8 |   7.5 |   7.8 |   0.0 |  95.0 | 341.0
         Sewer |  10.4 |  10.8 |   0.0 |  20.7 |  41.1 | 489.0
               +-------+-------+-------+-------+-------+----------------------

Table legend:
 A = Kills in this place as a percentage of kills in entire the game.
 B = Kills by you in this place as a percentage of kills by you in the entire game.
 C = Kills by friends in this place as a percentage of kills by friends in the entire game.
 D = Other kills in this place as a percentage of other kills in the entire game.
 E = Experience gained in this place as a percentage of experience gained in the entire game.
 F = Experience gained in this place divided by the number of levels of this place that you have seen.
                   A       B       C       D       E      F
               +-------+-------+-------+-------+-------+----------------------
         Total | 100.0 | 100.0 |   N/A |   N/A | 100.0 | 265.6
       Dungeon |  82.4 |  82.4 |   N/A |   N/A |  83.8 | 311.4
         Sewer |  17.6 |  17.6 |   N/A |   N/A |  16.2 | 302.0
               +-------+-------+-------+-------+-------+----------------------
